 Dungeon Crawl Stone Soup version 0.29.1-15-g9cfb28693d (webtiles) character file.

Game seed: 2183878260771928128

2130 H0rd4k the Trooper (level 9, -3/63 HPs)
             Began as an Octopode Artificer on Feb 28, 2023.
             Slain by a gnoll bouda
             ... wielding a +0 whip
              (5 damage)
             ... on level 6 of the Dungeon.
             The game lasted 00:08:16 (7981 turns).

H0rd4k the Trooper (Octopode Artificer)             Turns: 7981, Time: 00:08:17

Health: -3/63      AC:  2    Str: 20    XL:     9   Next: 30%
Magic:  16/16      EV: 13    Int: 24    God:
Gold:   593        SH:  0    Dex: 12    Spells: 17/17 levels left

rFire   + . .      SeeInvis .   B - +3 spear of Truncation {speed, Str+3 Int+6}
rCold   x . .      Faith    .   (no shield)
rNeg    . . .      Spirit   .   H - +1 hat
rPois   .          Reflect  .   (no amulet)
rElec   .          Harm     .   r - +6 ring of strength
rCorr   .          Rampage  .   I - ring of fire
Will    .....                   (no ring)
Stlth   +++.......              (no ring)
HPRegen 0.20/turn               (no ring)
MPRegen 0.15/turn               (no ring)
                                (no ring)
                                (no ring)

@: no status effects
A: almost no armour, amphibious, 8 rings, camouflage 1, gelatinous body 1,
(nimble swimmer 1), tentacles
a: no special abilities


You were on level 6 of the Dungeon.
You visited 1 branch of the dungeon, and saw 8 of its levels.

You collected 593 gold pieces.

Inventory:

Hand Weapons
 B - the +3 spear of Truncation (weapon) {speed, Str+3 Int+6}
   (You found it on level 4 of the Dungeon)

   Attacks with this weapon are significantly faster.
   Str:       It affects your strength (+3).
   Int:       It affects your intelligence (+6).
Missiles
 m - 2 throwing nets
 n - 15 poisoned darts
Armour
 H - a +1 hat (worn)
Jewellery
 r - a +6 ring of strength (left tentacle)
 I - a ring of fire (right tentacle)
Wands
 b - a wand of flame (1) (quivered)
 c - a wand of charming (3)
 E - a wand of polymorph (14)
 J - a wand of roots (21)
Scrolls
 a - 2 scrolls of summoning {unknown}
 d - 2 scrolls of blinking {unknown}
 i - 2 scrolls of vulnerability {unknown}
 j - 2 scrolls of immolation {unknown}
 k - 6 scrolls of identify {unknown}
 o - 2 scrolls of amnesia {unknown}
 q - 2 scrolls of butterflies {unknown}
 s - a scroll of magic mapping {unknown}
 t - 3 scrolls of noise {unknown}
 v - a scroll of fear {unknown}
 x - a scroll of poison {unknown}
 y - 2 scrolls of enchant armour {unknown}
 D - 2 scrolls of teleportation {unknown}
 F - a scroll of enchant weapon {unknown}
Potions
 e - a potion of cancellation {unknown}
 f - a potion of invisibility {unknown}
 g - 2 potions of magic {unknown}
 h - 5 potions of heal wounds {unknown}
 l - 5 potions of curing {unknown}
 p - 2 potions of ambrosia {unknown}
 u - a potion of flight {unknown}
 w - 2 potions of resistance {unknown}
 z - a potion of experience {unknown}
 A - 3 potions of brilliance {unknown}
 C - 3 potions of degeneration {unknown}
 G - a potion of berserk rage {unknown}


   Skills:
 * Level 6.5 Fighting
 + Level 5.1 Polearms
 - Level 2.3 Dodging
 - Level 1.3 Stealth
 + Level 6.4 Unarmed Combat
 * Level 4.7 Spellcasting
 - Level 3.2 Evocations


You had 17 spell levels left.
You didn't know any spells.
Your spell library contained the following spells:

 Spells                   Type           Power      Damage    Failure   Level
 Gell's Gravitas          Tloc           5%         N/A       26%         3
 Ignite Poison            Fire/Tmut/Pois 8%         N/A       26%         3
 Mephitic Cloud           Conj/Pois/Air  5%         N/A       26%         3
 Teleport Other           Tloc           5%         N/A       26%         3
 Freezing Cloud           Conj/Ice/Air   2%         6-21      94%         5
 Dispersal                Tloc           2%         N/A       100%        6


Dungeon Overview and Level Annotations

Branches:
Dungeon (8/15)
 Temple: D:4-7         Lair: D:8-11

Altars:
Hepliaklqana
Kikubaaqudgha
Makhleb
Okawaru
Qazlal
Xom

Shops:
D:2 [

Annotations:
D:4 exclusion: downstairs


Innate Abilities, Weirdness & Mutations

You cannot wear most types of armour.
You are amphibious.
You can wear up to eight rings at the same time.
Your skin changes colour to match your surroundings (Stealth+).
Your rubbery body absorbs attacks. (AC +1, EV +1)
((You are camouflaged when in or above water. (Stealth+)))
You have tentacles for arms and can constrict up to eight enemies at once.


Message History

You barely miss the gnoll. Your squeeze misses the gnoll.
The gnoll hits you with a +0 spear.
Unknown command.
The gnoll bouda attacks as you move away!
The gnoll bouda misses you.
The gnoll hits you from afar with a +0 spear!
The gnoll hits you with a +0 spear.
The gnoll bouda gazes fiercely through you!
You feel your attacks grow feeble. The gnoll misses you.
The gnoll hits you but does no damage. The gnoll attacks as you move away!
The gnoll completely misses you.
The gnoll hits you from afar with a +0 spear.
You are too confused!
Unknown command.
You hit the gnoll bouda. Your squeeze misses the gnoll bouda.
The gnoll bouda is severely wounded.
The gnoll bouda hits you with a +0 whip!
* * * LOW HITPOINT WARNING * * *
The gnoll barely misses you.
You feel less confused. The gnoll closely misses you.
There is a stone staircase leading up here.
Okay, then.
Your attacks no longer feel as feeble.
The gnoll is no longer moving quickly.
The gnoll hits you from afar with a +0 spear!
* * * LOW HITPOINT WARNING * * *
The gnoll bouda hits you with a +0 whip.
* * * LOW HITPOINT WARNING * * *
The gnoll barely misses you.
You climb upwards.
Reactivating autopickup.
There is a stone staircase leading down here.
Okay, then.
You barely miss the gnoll bouda. Your grab misses the gnoll bouda.
The gnoll bouda is severely wounded.
You barely miss the gnoll bouda. Your grab misses the gnoll bouda.
The gnoll bouda is severely wounded.
The gnoll bouda hits you with a +0 whip.
You die...

........# #.....#.#.....#
........# #.....#.#.....#
......).### #.....#.#.....#
........'.#######.....#.#.....#
........#............##.#.....#
........#............'..#.....#
........#............####.....#
........#............# #.#####
........#.......@g...# #.######
........#.......#########.#....#
####....#.......# #.......#....#
#....#.......# #.......#....#
#....#.......# #.......#....#
####....#.......###.......#....##
#.......#.......#.'.......#......
#.##....#########)#......##.#####
........# #)#......##.#...#


You could see a gnoll bouda.

Vanquished Creatures
  Duvessa (D:5)
  3 black bears (D:5)
  A sky beast (D:7)
  2 ogres
  A phantom (D:7)
  2 bullfrogs
  A gnoll sergeant (D:8)
  A necrophage (D:6)
  2 scorpions
  2 howler monkeys
  3 orc priests
  A hound (D:7)
  2 iguanas
  9 orc wizards
  15 adders
  7 gnolls
  2 shadow imps
  3 white imps (D:5)
  A worm (D:4)
  6 dart slugs
  8 orcs
  6 ball pythons
  7 bats
  5 endoplasms
  2 giant cockroaches (D:2)
  4 goblins
  9 hobgoblins
  A quokka (D:2)
  2 frilled lizards
  2 kobolds
  3 rats (D:2)
114 creatures vanquished.

Vanquished Creatures (collateral kills)
  2 black bears
  An orc priest (D:8)
  2 orc wizards (D:6)
  4 orcs
9 creatures vanquished.

Vanquished Creatures (others)
  2 orc warriors
  Dowan (D:5)
  An orc (D:6)
  A fungus (D:3)
  3 toadstools (D:3)
  2 withered plants (D:5)
10 creatures vanquished.

Grand Total: 133 creatures vanquished

Notes
Turn   | Place    | Note
-------+----------+-------------------------------------------
     0 | D:1      | H0rd4k the Octopode Artificer began the quest for the Orb.
     0 | D:1      | Reached XP level 1. HP: 13/13 MP: 1/1
   168 | D:1      | Reached XP level 2. HP: 17/18 MP: 3/3
   214 | D:1      | Reached skill level 1 in Spellcasting
  1199 | D:2      | Found Wilam's Antique Armour Boutique.
  1204 | D:2      | Reached XP level 3. HP: 24/24 MP: 4/4
  1263 | D:2      | Reached skill level 1 in Unarmed Combat
  1610 | D:2      | Reached XP level 4. HP: 19/29 MP: 6/6
  2776 | D:3      | Reached XP level 5. HP: 16/35 MP: 8/8
  3312 | D:3      | Found a faded altar of an unknown god.
  3803 | D:4      | Noticed an ogre
  4181 | D:4      | Identified the +0 robe "Reihouf" {Dex+4}
  4195 | D:4      | Identified the +3 spear of Truncation {speed, Str+3 Int+6}
  4320 | D:4      | Killed an ogre
  4321 | D:4      | Reached XP level 6. HP: 42/42 MP: 8/10
  4710 | D:5      | Entered Level 5 of the Dungeon
  4952 | D:5      | Noticed a black bear
  4960 | D:5      | Killed a black bear
  4961 | D:5      | Reached XP level 7. HP: 47/47 MP: 11/11
  4998 | D:5      | Reached skill level 5 in Unarmed Combat
  5062 | D:5      | Found a stormy altar of Qazlal.
  5064 | D:5      | Found a burning altar of Makhleb.
  5065 | D:5      | Found a shimmering altar of Xom.
  5065 | D:5      | Found a hazy altar of Hepliaklqana.
  5077 | D:5      | Noticed Dowan
  5093 | D:5      | Your ally Dowan died
  5143 | D:5      | Reached skill level 1 in Polearms
  5356 | D:5      | Found an ancient bone altar of Kikubaaqudgha.
  5420 | D:5      | Noticed Duvessa
  5428 | D:5      | Killed Duvessa
  5723 | D:6      | Reached XP level 8. HP: 54/54 MP: 13/13
  5881 | D:6      | Found an iron altar of Okawaru.
  6052 | D:6      | Reached skill level 5 in Fighting
  6978 | D:7      | Reached XP level 9. HP: 49/62 MP: 15/15
  7677 | D:8      | Reached skill level 5 in Polearms
  7978 | D:7      | HP: 2/63 [gnoll bouda/+0 whip (5)]
  7981 | D:6      | Slain by a gnoll bouda

Illustrated notes

Levels and vault maps discovered:
D:1:      lightli_arrival_lavapool, layout_basic, minmay_crystal_water,
          bh_walls_and_bars
D:2:      minmay_skewed_foursquare, layout_basic, serial_shops, shop
D:3:      minmay_evil_eye, layout_loops_corners,
          ebering_ecumenical_altar_petrified, minmay_gold_behind_fungi
D:4:      layout_basic
D:5:      layout_cave_pools, kiku_gazebo_garden_becter,
          grunt_temple_overflow_open, uniq_duvessa
D:6:      layout_basic, okawaru_gym_becter, minmay_pentangle
D:7:      layout_rooms, kennysheep_mini, minmay_temple_entry_statues_pillars,
          nicolae_elemental_shop, minmay_a_box_with_orc_wizards_in_it
D:8:      layout_basic, st_stairs_7

Skill      XL: |  1  2  3  4  5  6  7  8  9 |
---------------+----------------------------+-----
Spellcasting   | 1 2 3 4 |  4.7
Fighting       | 2 3 4 6 |  6.5
Unarmed Combat | 1 2 3 4 5 6 |  6.4
Polearms       | 1 4 5 |  5.1
Dodging        | |  2.3
Stealth        | |  1.3
Evocations     | |  3.2

Action                   |  1- 3 |  4- 6 |  7- 9 || total
-------------------------+-------+-------+-------++-------
Melee: Unarmed           |    86 |    88 |       ||   174
       Constrict         |    24 |    30 |    29 ||    83
       Tentacles         |    16 |    20 |    46 ||    82
       Punch             |       |     3 |     8 ||    11
       Spear             |       |    23 |   180 ||   203
Evoke: Wand              |       |    15 |    16 ||    31
 Stab: Sleeping          |     4 |    10 |     8 ||    22
Armor: Skin              |    14 |     7 |     5 ||    26
Dodge: Dodged            |    61 |    54 |    57 ||   172
